 Dungeon Crawl Stone Soup version 0.30-a0-1160-g6e42c06551 (webtiles) character file.

Game seed: 9563630326374235407

25 Sabo the Shield-Bearer (level 3, 0/29 HPs)
             Began as a Formicid Fighter on Apr 25, 2023.
             Slain by a quokka (2 damage)
             ... on level 2 of the Dungeon.
             The game lasted 00:04:39 (972 turns).

Sabo the Shield-Bearer (Formicid Fighter)            Turns: 972, Time: 00:04:39

Health: 0/29       AC:  6    Str: 20    XL:     3   Next: 17%
Magic:  3/3        EV:  9    Int:  7    God:
Gold:   28         SH:  5    Dex: 15    Spells: 2/2 levels left

rFire   . . .        i - +4 mace
rCold   . . .        c - +0 buckler
rNeg    . . .        b - +0 scale mail
rPois   .            (helmet unavailable)
rElec   .            (no cloak)
rCorr   .            (no gloves)
SInv    +            (no boots)
Will    .....        (no amulet) Stlth
                     (no ring)
HPRegen 0.24/turn    (no ring)
MPRegen 0.08/turn

%: no passive effects
@: no status effects
A: permanent stasis, dig shafts and tunnels, antennae 3, four strong arms
a: Dig, Shaft Self


You were on level 2 of the Dungeon.
You visited 1 branch of the dungeon, and saw 2 of its levels.

You collected 28 gold pieces.

Inventory:

Hand Weapons
 a - a +0 war axe
 i - a +4 mace (weapon)
Missiles
 e - 3 curare-tipped darts
Armour
 b - a +0 scale mail (worn)
 c - a +0 buckler (worn)
Jewellery
 j - a ring of ice
 m - a ring of magical power
Scrolls
 l - a scroll of identify {unknown}
Potions
 d - a potion of might
 f - a potion of ambrosia {unknown}
 g - a potion of flight {unknown}
 h - 2 potions of degeneration {unknown}
 k - a potion of berserk rage {unknown}
 n - a potion of heal wounds {unknown}
 o - a potion of curing {unknown}
 p - a potion of mutation {unknown}


   Skills:
 + Level 3.6 Fighting
 + Level 2.1(2.2) Axes
 + Level 0.1(1.2) Maces & Flails
 + Level 3.6 Armour
 + Level 4.5 Shields


You had 2 spell levels left.
You didn't know any spells.
Your spell library was empty.

Dungeon Overview and Level Annotations

Branches:
Dungeon (2/15)

Altars:


Innate Abilities, Weirdness & Mutations

You cannot be hasted, slowed, berserked, paralysed or teleported.
You can dig through walls and to a lower floor.
You have a pair of large antennae on your head. (SInv)
Your four strong arms can wield two-handed weapons with a shield.


Message History

Your experience leads to an increase in your attributes!
Increase (S)trength, (I)ntelligence, or (D)exterity?
You feel agile. x2
p - a fuming inky potion You start resting.
HP restored.
A frilled lizard comes into view.
The frilled lizard hisses angrily.
The frilled lizard moves out of view.
A worm comes into view.
A quokka comes into view.
The frilled lizard completely misses you.
You sock the frilled lizard!
You kill the frilled lizard!
The quokka bites you but does no damage.
You barely miss the quokka. The quokka closely misses you.
You hit the quokka but do no damage.
The quokka bites you but does no damage.
The quokka bites you.
You hit the quokka.
The quokka is heavily wounded.
The quokka bites you.
You hit the quokka but do no damage.
The quokka is moderately wounded.
You block the quokka's attack. x2; The worm bites you!
You hit the quokka but do no damage.
The quokka is moderately wounded.
The quokka bites you.
The quokka bites you but does no damage.
The worm bites you!
* * * LOW HITPOINT WARNING * * *
You hit the quokka.
The quokka is severely wounded.
The quokka bites you.
* * * LOW HITPOINT WARNING * * *
The worm bites you.
* * * LOW HITPOINT WARNING * * *
You barely miss the quokka.
The quokka is severely wounded.
The quokka bites you.
You die...

#..........# .#
######..###### ..#
#..........# ....
#..........#
...###..........#.#
...#............#
#.###.....#.##.#
#wr.#..........#
#.@.....#...###
#.##.>..##### #.
#.##.# #. ..##.#
#########


You could see a worm and a quokka.

Vanquished Creatures
  An adder (D:2)
  An endoplasm (D:1)
  2 giant cockroaches
  A goblin (D:1)
  2 hobgoblins (D:1)
  A quokka (D:1)
  A ball python (D:1)
  2 bats (D:1)
  2 frilled lizards
  4 rats
17 creatures vanquished.

Notes
Turn   | Place    | Note
-------+----------+-------------------------------------------
     0 | D:1      | Sabo the Formicid Fighter began the quest for the Orb.
     0 | D:1      | Reached XP level 1. HP: 18/18 MP: 1/1
   159 | D:1      | Reached XP level 2. HP: 24/24 MP: 2/2
   952 | D:2      | Reached XP level 3. HP: 28/29 MP: 3/3
   972 | D:2      | Slain by a quokka

Illustrated notes

Levels and vault maps discovered:
D:1:      saegor_arrival_simple_e, layout_basic
D:2:      layout_basic, uniq_terence

Action                     || total
---------------------------++-------
  Melee: War axe           ||    19
         Mace              ||    25
 Armour: Scale mail        ||    21
  Dodge: Dodged            ||    21
  Block: Buckler           ||    10

Table legend: (Time is in decaauts)
 A = Elapsed time spent in this place.
 B = Non-inter-level travel time spent in this place.
 C = Inter-level travel time spent in this place.
 D = Time resting spent in this place.
 E = Time spent auto-exploring this place.
 F = Levels seen in this place.
 G = Mean time per level.
                   A        B        C        D        E       F      G
               +--------+--------+--------+--------+--------+-----+--------+
         Total |    988 |    988 |      0 |      9 |      0 |   2 |  494.0 |
       Dungeon |    988 |    988 |      0 |      9 |      0 |   2 |  494.0 |
               +--------+--------+--------+--------+--------+-----+--------+

Top non-repeatable levels by time:
     D:1: 944 daAuts
     D:2: 44 daAuts
